 Dungeon Crawl Stone Soup version 0.26-a0-597-gb535b0901c (webtiles) character file.

Game seed: 15387936084997649160

29 Alarkh the Insei (level 3, 27/27 HPs)
             Began as a Demonspawn Gladiator on Sept 10, 2020.
             Got out of the dungeon alive.
             The game lasted 00:00:41 (1213 turns).

Alarkh the Insei (Demonspawn Gladiator)             Turns: 1213, Time: 00:00:42

Health: 27/27      AC:  4    Str: 14    XL:     3   Next: 1%
Magic:  3/3        EV: 12    Int: 10    God:
Gold:   18         SH:  0    Dex: 14    Spells: 2/2 levels left

rFire    . . .     SeeInvis .     - Unarmed
rCold    . . .     Faith    .   (no shield)
rNeg     . . .     Spirit   .   a - +0 leather armour
rPois    .         Reflect  .   b - +0 helmet
rElec    .         Harm     .   (no cloak)
rCorr    .                      (no gloves)
MR       .....                  (no boots)
Stlth    +.........             (no amulet)
HPRegen  0.09/turn              (no ring)
MPRegen  0.08/turn              (no ring)

@: no status effects
A: powered by pain 2
a: no special abilities


You escaped.
You visited 1 branch of the dungeon, and saw 2 of its levels.

You collected 18 gold pieces.

Inventory:

Missiles
 c - 3 throwing nets (quivered)
Armour
 a - a +0 leather armour (worn)
 b - a +0 helmet (worn)
Scrolls
 f - a scroll of identify {unknown}
 g - a scroll of amnesia {unknown}
 h - 2 scrolls of teleportation {unknown}
 i - a scroll of enchant weapon {unknown}
Potions
 d - a potion of heal wounds {unknown}
 e - a potion of curing {unknown}
 j - a potion of haste {unknown}


   Skills:
 - Level 2.0 Fighting
 - Level 1.7 Throwing
 - Level 2.6 Dodging
 + Level 3.8 Unarmed Combat


You had 2 spell levels left.
You didn't know any spells.
Your spell library was empty.

Dungeon Overview and Level Annotations

Branches:
Dungeon (2/15)

Altars:


Innate Abilities, Weirdness & Mutations

You sometimes gain power by taking damage.


Message History

No target in view!
No target in view!
No target in view!
There are no items here.
Unknown command.
(D) Dungeon
Where to? (Enter - D:2 @ (x,y), ? - help)
Items here: ( )) †.
You feel sick.
There is a stone staircase leading up here.
You climb upwards.
You feel sick.
There is a stone staircase leading down here.
You feel sick.
You are no longer poisoned.
You see here a +0 short sword.
HP restored.
There is an open door here.
There is a staircase leading out of the dungeon here.
Are you sure you want to leave the Dungeon?
This will make you lose the game!
You have escaped!

...##..## ##'####...###.#.#
.#..#.## ##'####### #.#.#
.##..## ##....### #.#.#
..##.# #..##...## #.#.#
#.#### ###..####..# #.#.#
....## ##...#####..#
#.#.#######
.....###...#.##...##
#.)........
###...##...#.#.....#
#.#.####### #
##..#.##..##..@..#
#.......... #
##...###..###...##
#...####### ###.....##.##
##### #..........
.....#....## #....######
....###.### #..........
..### ##'## ### #..........
.#.# ##'#
##.#######...#####. ...#
##.######..#...###...#####.
..##
##....#.......⌠..#..........


There were no monsters in sight!

Vanquished Creatures
  An adder (D:2)
  A leopard gecko (D:1)
  3 bats (D:1)
  A giant cockroach (D:1)
  4 goblins
  2 hobgoblins (D:1)
  A frilled lizard (D:1)
  A kobold (D:1)
  5 rats
19 creatures vanquished.

Notes
Turn   | Place    | Note
-------+----------+-------------------------------------------
     0 | D:1      | Alarkh the Demonspawn Gladiator began the quest for the
                  | Orb.
     0 | D:1      | Reached XP level 1. HP: 16/16 MP: 1/1
   152 | D:1      | Reached skill level 3 in Unarmed Combat
   396 | D:1      | Gained mutation: You sometimes gain a little power by
                  | taking damage. [demonic ancestry]
   396 | D:1      | Reached XP level 2. HP: 22/22 MP: 2/2
  1081 | D:2      | Gained mutation: You sometimes gain power by taking damage.
                  | [demonic ancestry]
  1081 | D:2      | Reached XP level 3. HP: 25/27 MP: 3/3
  1213 | D:$      | Got out of the dungeon alive.

Illustrated notes

Levels and vault maps discovered:
D:1:      dpeg_cavernosity, layout_basic
D:2:      layout_basic, lemuel_blue_sif_altar, lemuel_crystal_altar

Skill      XL: |  1 |
---------------+----+-----
Unarmed Combat | 3 |  3.8
Fighting       | |  2.0
Throwing       | |  1.7
Dodging        | |  2.6

Action                   || total
-------------------------++-------
Melee: Unarmed           ||    59
 Stab: Sleeping          ||     3
Armor: Leather armour    ||    21
Dodge: Dodged            ||    48

Table legend: (Time is in decaauts)
 A = Elapsed time spent in this place.
 B = Non-inter-level travel time spent in this place.
 C = Inter-level travel time spent in this place.
 D = Time resting spent in this place.
 E = Time spent auto-exploring this place.
 F = Levels seen in this place.
 G = Mean time per level.
                   A        B        C        D        E       F      G
               +--------+--------+--------+--------+--------+-----+--------+
         Total |   1210 |    986 |    224 |      0 |    861 |   2 |  605.0 |
       Dungeon |   1210 |    986 |    224 |      0 |    861 |   2 |  605.0 |
               +--------+--------+--------+--------+--------+-----+--------+

Top non-repeatable levels by time:
     D:1: 1191 daAuts
     D:2: 19 daAuts
